 Dungeon Crawl Stone Soup version 0.30-a0-799-g109b55a442 (webtiles) character file.

Game seed: 3906730669935782168

303743 Laraso the Bludgeoner (level 20, -3/190 HPs)
             Began as an Armataur Berserker on Feb 20, 2023.
             Was the Champion of Trog.
             Slain by a tentacle (7 damage)
             ... attached to a kraken
             ... on level 2 of the Shoals on Feb 21, 2023.
             The game lasted 00:39:39 (36288 turns).

Laraso the Bludgeoner (Armataur Berserker)         Turns: 36288, Time: 00:39:40

Health: -3/190     AC: 36    Str: 39    XL:     20   Next: 58%
Magic:  20/20      EV:  8    Int:  8    God:    Trog [******]
Gold:   2035       SH:  0    Dex: 11    Spells: 19/19 levels left

rFire   . . .      SeeInvis .    a - +2 great mace (heavy)
rCold   + + .      Faith    +    (shield currently unavailable)
rNeg    . . .      Spirit   .    D - +3 plate armour {rPois}
rPois   +          Reflect  .    b - +0 helmet of the Farmer {+Blink Str+3 Slay+2 Stlth+}
rElec   .          Harm     .    v - +2 cloak {rCorr}
rCorr   +          Roll     +    (no gloves)
Will    +....                    Q - +4 barding Stlth
                                 H - amulet of Azxutemn {Faith rC++}
HPRegen 0.51/turn                M - ring of flight
MPRegen 0.17/turn                R - ring of Starshine {rCorr Str+6}

@: flying
A: large, rugged brown scales 3, deformed body, armoured tail, roll, long
tongue, awkward tongue
}: 1/15 runes: serpentine
a: Renounce Religion, Evoke Blink, Berserk, Trog's Hand, Brothers in Arms


You were on level 2 of the Shoals.
You worshipped Trog.
Trog was exalted by your worship.
You visited 6 branches of the dungeon, and saw 29 of its levels.
You also visited: Sewer and Ice Cave.

You collected 3202 gold pieces.
You spent 1167 gold pieces at shops.

Inventory:

Hand Weapons
 a - a +2 heavy great mace (weapon)
Missiles
 G - 3 throwing nets (quivered)
Armour
 b - the +0 helmet of the Farmer (worn) {+Blink Str+3 Slay+2 Stlth+}
   (You acquired it on level 1 of the Orcish Mines)

   Str:       It affects your strength (+3).
   Slay:      It affects your accuracy & damage with ranged weapons and melee
   (+2).
   +Blink:    It lets you blink.
   Stlth:     It makes you more stealthy.
 p - +0 fire dragon scales
 v - a +2 cloak of preservation (worn)
 D - a +3 plate armour of poison resistance (worn)
 Q - a +4 barding (worn)
Jewellery
 t - a +6 ring of dexterity
 H - the amulet of Azxutemn (around neck) {Faith rC++}
   (You bought it in a shop on level 2 of the Orcish Mines)

   [amulet of faith]

   It allows you to gain divine favour quickly.
   rC:        It greatly protects you from cold.
 M - a ring of flight (left hand)
 P - a +4 ring of protection
 R - the ring of Starshine (right hand) {rCorr Str+6}
   (You found it on level 5 of the Lair of Beasts)

   [ring of strength]

   Str:       It affects your strength (+6).
   rCorr:     It protects you from acid and corrosion.
Wands
 i - a wand of roots (34)
 n - a wand of mindburst (9)
 o - a wand of charming (26)
 x - a wand of polymorph (15)
 y - a wand of digging (8)
 O - a wand of flame (54)
 S - a wand of acid (5)
Scrolls
 c - 5 scrolls of fog
 d - a scroll of brand weapon
 e - 6 scrolls of poison
 g - a scroll of butterflies
 l - a scroll of silence
 r - 3 scrolls of vulnerability
 u - 5 scrolls of magic mapping
 w - 5 scrolls of blinking
 B - 2 scrolls of enchant armour
 F - 2 scrolls of fear
 I - a scroll of enchant weapon
 J - 10 scrolls of teleportation
 K - 4 scrolls of identify
 L - 4 scrolls of immolation
Potions
 f - a potion of magic
 h - 9 potions of heal wounds
 j - 3 potions of haste
 k - 6 potions of might
 m - 4 potions of ambrosia
 q - 16 potions of curing
 s - 5 potions of mutation
 z - 8 potions of cancellation
 A - 2 potions of resistance
 C - 2 potions of invisibility
 E - 2 potions of berserk rage
 U - a potion of attraction
 V - 3 potions of lignification
Miscellaneous
 N - a phial of floods


   Skills:
 - Level 15.0 Fighting
 - Level 20.0 Maces & Flails
 - Level 18.0 Armour
 * Level 9.9 Dodging
 * Level 3.6 Evocations


You had 19 spell levels left.
You didn't know any spells.
Your spell library was empty.

Dungeon Overview and Level Annotations

Branches:
Dungeon (15/15)            Temple (1/1) D:6            Lair (5/5) D:9
 Shoals (2/4) Lair:3        Snake (4/4) Lair:3        Slime (0/5) Lair:5
    Orc (2/2) D:11            Elf (0/3) Orc:2        Vaults (0/5) D:14
 Depths (0/4) D:15          Sewer (visited)           IceCv (visited)

Altars:
Ashenzari
Cheibriados
Dithmenos
Elyvilon
Fedhas
Gozag
Hepliaklqana
Kikubaaqudgha
Makhleb
Nemelex Xobeh
Okawaru
Qazlal
Ru
Sif Muna
Trog
Uskayaw
Vehumet
Wu Jian
Xom
Yredelemnul
Zin
The Shining One
Jiyva

Shops:
D:2 ::*   D:14 ?   Orc:2 ::=:   Shoals:1 *   Snake:2 *(   Snake:4 *(::

Annotations:
D:6 exclusion: oklob plant


Innate Abilities, Weirdness & Mutations

You are completely covered in rugged brown scales. (AC +3, +7% HP)
Armour fits poorly on your strangely shaped body.
You have a long armoured tail.
You roll when moving toward enemies. (Rampage)
Your long tongue fully drains potion bottles. (2x potion effects)
Your tongue gives you trouble enunciating. (1.5x scroll delay)


Message History

A tentacle segment bursts forth from the water.
The tentacle slaps you but does no damage.
You closely miss the tentacle.
A tentacle rises from the water!
The tentacle slaps you.
The tentacle slaps you but does no damage. x2
The tentacle slaps you!!
A tentacle comes into view.
You hit the kraken.
The kraken is heavily wounded.
The tentacle barely misses you.
The tentacle slaps you but does no damage.
The tentacle slaps you.
You crush the kraken like a grape!!!!
The kraken is almost dead.
The tentacle slaps you but does no damage. x2
The tentacle misses you.
The kraken bites you but does no damage.
The tentacle slaps you but does no damage. x2
The tentacle slaps you.
You hit the kraken but do no damage.
You tail-slap the kraken, but do no damage.
The kraken is almost dead.
The kraken bites you!!
* * * LOW HITPOINT WARNING * * *
The tentacle slaps you.
* * * LOW HITPOINT WARNING * * *
The tentacle slaps you.
* * * LOW HITPOINT WARNING * * *
The tentacle slaps you but does no damage. x2
The kraken squirts a massive cloud of ink into the water!
The tentacle slaps you but does no damage.
The tentacle completely misses you. The tentacle slaps you!
* * * LOW HITPOINT WARNING * * *
The tentacle slaps you!
* * * LOW HITPOINT WARNING * * *
You completely miss the kraken.
The kraken is almost dead.
The tentacle slaps you but does no damage.
The tentacle slaps you!
You die...

~..~......##.......####..
~~..~~...###......###..~~
≈~~~≈~~.........~~~...[~~
≈≈≈≈≈~~....##..~~..~...~~
≈≈≈≈≈≈~~...#..~~......~~~
≈≈≈≈≈≈§§§..~~~~~......~~~
≈≈≈≈≈≈§≈~§§~~≈~~......~~.
≈≈≈≈≈≈§§§w§~≈~~......~~~~
≈≈≈≈≈≈§w@§§≈≈~...###..~~.
≈≈≈≈≈≈§wXw§≈~~...# #.....
≈≈≈≈≈≈§§§§§≈≈~~... ......
≈≈≈≈≈≈≈≈≈≈≈≈≈~... ##....
≈≈≈≈≈≈≈≈≈≈≈≈~... #...
~~~....~≈≈≈~~...
.~~....~≈≈≈≈~~~~
~~~...~~≈≈≈≈≈~~~
~....~~≈≈≈≈≈~..


You could see a kraken and 4 tentacles.

Vanquished Creatures
  Saint Roka (Orc:1)
  Nikola (Snake:3)
  A kraken (Shoals:1)
  The ghost of avis the Marksdemigod, an adept DgHu (Snake:4)
  Frances (D:14)
  Donald (Snake:4)
  Roxanne (D:14)
  4 nagarajas (Snake:4)
  A stone giant (D:15)
  Nessos (Lair:4)
  A fire dragon (D:14)
  An entropy weaver (shapeshifter) (D:14)
  A salamander tyrant (Snake:4)
  Harold (Orc:1)
  4 hydras
  4 centaur warriors
  6 anacondas
  3 boulder beetles
  4 catoblepae
  6 two-headed ogres
  2 merfolk avatars (Shoals:1)
  An alligator snapping turtle (Shoals:2)
  A tengu warrior (D:11)
  8 death yaks (Lair:5)
  12 naga warriors
  3 orc high priests (Orc:2)
  7 naga sharpshooters
  11 shock serpents
  2 skysharks
  5 salamander mystics
  A deep troll (D:14)
  6 naga ritualists
  8 sea snakes
  A spriggan simulacrum (IceCv)
  10 orc knights
  10 harpies
  A deep elf pyromancer (D:14)
  8 mana vipers
  14 ugly things
  10 cyclopes
  A phantasmal warrior (D:14)
  6 orc sorcerers
  7 manticores
  13 salamanders
  A faun (Shoals:1)
  A merfolk siren (Shoals:1)
  12 elephants (Lair:5)
  8 guardian serpents
  34 black mambas
  8 naga magi
  3 water nymphs
  4 gargoyles
  11 cane toads
  An efreet (D:15)
  A cane toad (shapeshifter) (D:14)
  6 rime drakes
  5 komodo dragons
  3 unseen horrors
  An ice devil (IceCv)
  3 freezing wraiths
  2 kobold demonologists
  7 trolls
  8 merfolk
  A meliai (D:11)
  3 polar bears
  6 snapping turtles
  A wind drake (Shoals:1)
  Grinder (D:4)
  A hornet (D:10)
  18 blink frogs
  A culicivora (shapeshifter) (D:14)
  Sigmund (D:6)
  9 slime creatures
  3 vampires
  2 shadows
  39 yaks
  2 wyverns
  A wraith (D:11)
  3 basilisks
  A steam dragon (Lair:1)
  A minotaur simulacrum (IceCv)
  3 vampire mosquitoes
  Menkaure (D:4)
  35 nagas
  5 wargs
  A warg (shapeshifter) (D:15)
  Edmund (D:4)
  An acid dragon (D:13)
  16 water moccasins
  2 black bears
  24 orc warriors
  5 ice beasts (D:9)
  9 ogres
  4 boggarts (Lair:3)
  12 wolves
  3 phantoms
  11 centaurs
  2 necrophages (D:4)
  2 gnoll sergeants
  13 bullfrogs
  A deep troll simulacrum (IceCv)
  4 scorpions
  8 wights
  4 killer bees (D:10)
  3 electric eels (Lair:3)
  8 howler monkeys
  4 jellies
  Crazy Yiuf (D:4)
  22 orc priests
  2 hounds
  Terence (D:2)
  Jessica (D:3)
  4 iguanas
  16 orc wizards
  11 gnolls
  10 adders
  3 shadow imps
  A white imp (D:6)
  3 worms
  4 dart slugs
  72 orcs
  4 bats
  5 endoplasms
  3 giant cockroaches
  4 goblins
  4 hobgoblins
  4 jackals (D:5)
  8 quokkas
  6 ball pythons
  4 frilled lizards
  9 kobolds
  5 rats
  6 tentacles
800 creatures vanquished.

Vanquished Creatures (collateral kills)
  An orc warrior (Orc:1)
  4 orc priests (Orc:1)
  3 orc wizards (Orc:1)
  5 orcs (Orc:1)
13 creatures vanquished.

Vanquished Creatures (others)
  A naga (Snake:4)
  An orc (Orc:2)
  35 fungi
  32 plants
  3 tentacles
  13 toadstools (D:6)
85 creatures vanquished.

Grand Total: 898 creatures vanquished

Notes
Turn   | Place    | Note
-------+----------+-------------------------------------------
     0 | D:1      | Laraso the Armataur Berserker began the quest for the Orb.
     0 | D:1      | Reached XP level 1. HP: 19/19 MP: 1/1
   287 | D:1      | Reached XP level 2. HP: 22/26 MP: 2/2
   615 | D:2      | Found Pufereda's Assorted Antiques.
   622 | D:2      | Bought a scroll labelled EFENLO COWNADI for 24 gold pieces
   622 | D:2      | Bought a scroll labelled NEL NALASOASAJE for 24 gold pieces
   640 | D:2      | Reached skill level 3 in Maces & Flails
   690 | D:2      | Reached XP level 3. HP: 33/33 MP: 3/3
   803 | D:2      | Found Cudosar's Book Shoppe.
   818 | D:2      | Reached XP level 4. HP: 40/40 MP: 4/4
  1157 | D:2      | Found a faded altar of an unknown god.
  1196 | D:2      | Noticed Terence
  1201 | D:2      | Killed Terence
  1223 | D:2      | Found Zunontec's Book Shop.
  1396 | D:3      | Noticed a phantom
  1403 | D:3      | Killed a phantom
  1404 | D:3      | Reached XP level 5. HP: 48/48 MP: 5/5
  1682 | D:3      | Reached ** piety under Trog
  1867 | D:3      | Noticed Jessica
  1874 | D:3      | Killed Jessica
  1875 | D:3      | Reached XP level 6. HP: 55/55 MP: 6/6
  2368 | D:4      | Found a glowing silver altar of Zin.
  2406 | D:4      | Reached skill level 4 in Maces & Flails
  2570 | D:4      | Noticed Menkaure
  2576 | D:4      | Killed Menkaure
  2577 | D:4      | Reached skill level 5 in Armour
  2612 | D:4      | Found an ornate altar of the Wu Jian Council.
  2728 | D:4      | Noticed Edmund
  2736 | D:4      | Killed Edmund
  2737 | D:4      | Reached XP level 7. HP: 62/64 MP: 7/7
  2842 | D:4      | Reached skill level 5 in Maces & Flails
  2857 | D:4      | Noticed Grinder
  2859 | D:4      | Paralysed by Grinder for 3 turns
  2882 | D:4      | Killed Grinder
  2883 | D:4      | Reached skill level 6 in Maces & Flails
  3105 | D:4      | Reached XP level 8. HP: 71/71 MP: 8/8
  3357 | D:4      | Found an ancient bone altar of Kikubaaqudgha.
  3365 | D:4      | Reached skill level 7 in Maces & Flails
  3391 | D:4      | Found an opulent altar of Gozag.
  3469 | D:4      | Found a runed translucent door.
  3470 | D:4      | Noticed Crazy Yiuf
  3475 | D:4      | Killed Crazy Yiuf
  3561 | D:5      | Entered Level 5 of the Dungeon
  3878 | D:5      | Reached skill level 8 in Maces & Flails
  4275 | D:5      | Reached *** piety under Trog
  4700 | D:6      | Found a staircase to the Ecumenical Temple.
  4707 | Temple   | Entered the Ecumenical Temple
  4749 | D:6      | Reached skill level 9 in Maces & Flails
  4811 | D:6      | Reached XP level 9. HP: 77/77 MP: 9/9
  4825 | D:6      | Found a glowing drain.
  4830 | Sewer    | Entered a sewer
  5117 | D:6      | Reached **** piety under Trog
  5172 | D:6      | Noticed Sigmund
  5184 | D:6      | Killed Sigmund
  5185 | D:6      | Reached skill level 10 in Maces & Flails
  5332 | D:6      | Found a sparkling altar of Nemelex Xobeh.
  5427 | D:6      | Found a blossoming altar of Fedhas.
  5441 | D:6      | Noticed an oklob plant
  5563 | D:6      | Found a shimmering blue altar of Sif Muna.
  5992 | D:7      | Found a stormy altar of Qazlal.
  6205 | D:7      | Found a glowing golden altar of the Shining One.
  6261 | D:7      | Reached skill level 11 in Maces & Flails
  6587 | D:8      | Noticed a two-headed ogre
  6594 | D:8      | Killed a two-headed ogre
  7068 | D:8      | Reached XP level 10. HP: 85/85 MP: 10/10
  7072 | D:8      | Reached skill level 12 in Maces & Flails
  7271 | D:9      | Noticed a two-headed ogre
  7282 | D:9      | Killed a two-headed ogre
  7318 | D:9      | Noticed a two-headed ogre
  7333 | D:9      | Killed a two-headed ogre
  7441 | D:9      | Reached skill level 13 in Maces & Flails
  7471 | D:9      | Found a staircase to the Lair.
  7569 | D:9      | Reached skill level 14 in Maces & Flails
  8234 | D:9      | Found a bloodstained altar of Trog.
  8681 | D:10     | Entered Level 10 of the Dungeon
  8682 | D:10     | Found a hide-covered altar of Uskayaw.
  8682 | D:10     | Noticed a +0 hand axe
  8682 | D:10     | Noticed a +0 dagger
  8840 | D:10     | Reached XP level 11. HP: 79/90 MP: 11/11
  8934 | D:10     | HP: 3/90 [orc warrior/+0 halberd (7)]
  9109 | D:10     | Reached ***** piety under Trog
  9193 | D:10     | Noticed a two-headed ogre
  9202 | D:10     | Killed a two-headed ogre
  9709 | D:11     | Found a large runed translucent door.
  9710 | D:11     | Found a large runed translucent door.
  9716 | D:11     | Noticed a tengu warrior
  9716 | D:11     | Noticed a catoblepas
  9800 | D:11     | Reached skill level 5 in Dodging
  9815 | D:11     | Found a staircase to the Orcish Mines.
  9854 | D:11     | Reached skill level 5 in Fighting
  9917 | D:11     | Noticed a cyan ugly thing
  9924 | D:11     | Killed a cyan ugly thing
 10175 | D:11     | Found a large runed translucent door.
 10175 | D:11     | Found a large runed translucent door.
 10479 | D:11     | Killed a tengu warrior
 10482 | D:11     | Killed a catoblepas
 10702 | D:12     | Noticed a boulder beetle
 10711 | D:12     | Killed a boulder beetle
 10712 | D:12     | Reached XP level 12. HP: 97/110 MP: 12/12
 11529 | D:12     | Reached skill level 10 in Fighting
 11634 | D:12     | Found a sparkling altar of Nemelex Xobeh.
 11739 | D:12     | Noticed a four-headed hydra
 11746 | D:12     | Killed a four-headed hydra
 12156 | Lair:1   | Entered Level 1 of the Lair of Beasts
 12251 | Lair:1   | Reached skill level 10 in Armour
 13766 | Lair:2   | Received a gift from Trog
 14105 | Lair:2   | You fall into a shaft and drop 2 floors!
 14290 | Lair:3   | Found a staircase to the Snake Pit.
 14559 | Lair:3   | Reached XP level 13. HP: 62/120 MP: 13/13
 14810 | Lair:3   | Found a staircase to the Shoals.
 14820 | Lair:3   | Reached skill level 15 in Maces & Flails
 15579 | Lair:4   | Noticed Nessos
 15586 | Lair:4   | Killed Nessos
 16252 | Lair:4   | Reached skill level 16 in Maces & Flails
 16258 | Lair:4   | Found the +3 pair of seven-league boots {Rampage+∞}
 16465 | Lair:5   | Entered Level 5 of the Lair of Beasts
 16522 | Lair:5   | Identified the ring of Starshine {rCorr Str+6}
 16904 | Lair:5   | Reached skill level 17 in Maces & Flails
 16970 | Lair:5   | Found a staircase to the Slime Pits.
 17003 | Lair:5   | Reached ****** piety under Trog
 17107 | Lair:5   | Reached XP level 14. HP: 120/129 MP: 14/14
 17532 | Lair:5   | Found a viscous altar of Jiyva.
 17718 | Lair:5   | Reached skill level 18 in Maces & Flails
 19456 | D:14     | Reached skill level 19 in Maces & Flails
 19468 | D:14     | Noticed Frances
 19487 | D:14     | HP: 2/193 [Frances/iron shot (31)]
 19489 | D:14     | Killed Frances
 20066 | D:14     | You fall into a shaft and drop 1 floor!
 20066 | D:15     | Entered Level 15 of the Dungeon
 20193 | D:15     | Found a frozen archway.
 20197 | IceCv    | Entered an ice cave
 20373 | D:15     | Found a staircase to the Depths.
 20374 | D:15     | Noticed a stone giant
 20402 | D:15     | Killed a stone giant
 20818 | D:15     | Reached skill level 20 in Maces & Flails
 21074 | D:15     | Received a gift from Trog
 21247 | D:15     | Reached XP level 15. HP: 124/134 MP: 15/15
 21531 | Orc:1    | Entered Level 1 of the Orcish Mines
 21567 | Orc:1    | Noticed Harold
 21578 | Orc:1    | Killed Harold
 22086 | Orc:2    | Entered Level 2 of the Orcish Mines
 22375 | Orc:1    | Identified a scroll of acquirement
 22376 | Orc:1    | Acquired the +0 helmet of the Farmer {+Blink Str+3 Slay+2
                  | Stlth+}
 22390 | Orc:2    | Paralysed by an orc sorcerer for 2 turns
 22689 | Orc:2    | Noticed Saint Roka
 22705 | Orc:1    | Received a gift from Trog
 23223 | Orc:1    | Killed Saint Roka
 23370 | Orc:2    | Found a staircase to the Elven Halls.
 23725 | Orc:2    | Found Luiwk's Book Emporium.
 24033 | Orc:2    | Paralysed by an orc sorcerer for 3 turns
 24244 | Orc:2    | Received a gift from Trog
 24251 | Orc:2    | Reached skill level 15 in Armour
 24500 | Orc:2    | Found Cag Fim's Book Shop.
 24504 | Orc:2    | Found Uwaewn's Book Shop.
 24506 | Orc:2    | Found Honn's Jewellery Emporium.
 24514 | Orc:2    | Bought the amulet of Azxutemn {Faith rC++} for 903 gold
                  | pieces
 25325 | D:14     | Noticed Roxanne
 25336 | D:14     | Killed Roxanne
 25817 | D:14     | Found a gate to the Vaults.
 25871 | D:14     | Found Ceogh's Magic Scroll Boutique.
 25877 | D:14     | Bought a scroll of enchant weapon for 120 gold pieces
 25877 | D:14     | Bought a scroll of identify for 32 gold pieces
 25877 | D:14     | Bought a scroll of identify for 32 gold pieces
 25877 | D:14     | Bought a scroll of identify for 32 gold pieces
 25882 | D:14     | Reached XP level 16. HP: 143/143 MP: 16/16
 25882 | D:14     | Reached XP level 17. HP: 149/149 MP: 17/17
 25883 | D:14     | Reached XP level 18. HP: 164/164 MP: 18/18
 25883 | D:14     | Reached XP level 19. HP: 171/171 MP: 19/19
 26110 | Snake:1  | Entered Level 1 of the Snake Pit
 27643 | Snake:2  | Found Baimnos's Weapon Emporium.
 27643 | Snake:2  | Found Beewemi's Assorted Antiques.
 29854 | Snake:3  | Reached skill level 15 in Fighting
 29975 | Snake:3  | Reached XP level 20. HP: 185/190 MP: 20/20
 30192 | Snake:3  | Noticed Nikola
 30209 | Snake:3  | Killed Nikola
 30618 | Snake:4  | Entered Level 4 of the Snake Pit
 32287 | Snake:4  | Received a gift from Trog
 32967 | Snake:4  | Got a serpentine rune of Zot
 33186 | Snake:4  | Noticed avis's ghost (adept DgHu)
 33187 | Snake:4  | Found a runed translucent door.
 33341 | Snake:4  | Killed avis's ghost
 33477 | Snake:4  | Found Foppolicei's Weapon Shoppe.
 33479 | Snake:4  | Found Muareppu's Book Emporium.
 33481 | Snake:4  | Found Opnidem's Book Shoppe.
 33532 | Snake:4  | Noticed Donald
 33539 | Snake:4  | Killed Donald
 33786 | Snake:4  | Found Unoewaoth's General Store.
 34012 | Shoals:1 | Entered Level 1 of the Shoals
 34225 | Shoals:1 | Found Laqupeho's General Store.
 34556 | Shoals:1 | Reached skill level 1 in Evocations
 34633 | Shoals:1 | Found a hazy altar of Hepliaklqana.
 36287 | Shoals:2 | HP: 4/190 [tentacle[a kraken] (14)]
 36288 | Shoals:2 | Slain by a tentacle

Illustrated notes

Levels and vault maps discovered:
D:1:      dpeg_arrival_tiny_j, layout_basic
D:2:      layout_loops_ring, shapermc_ecumenical_altar_notcrosses, serial_shops,
          nicolae_shop_advertising_works [nicolae_subvault_shop_adworks],
          nicolae_lakefront_shop, nicolae_shop_trees, amcnicky_mini_pool_small,
          uniq_terence
D:3:      layout_loops_corners, chequers_serial_rivers_micro_d, uniq_jessica
D:4:      layout_loops_ring, nzn_wu_jian_contemplation, zin_treasury,
          mainiacjoe_overflow_swirl, uniq_menkaure, uniq_crazy_yiuf_cottage,
          uniq_grinder, uniq_edmund
D:5:      lemuel_ice_spiral_2, layout_basic, kennysheep_dice
D:6:      layout_rooms, nicolae_overflow_hidden_temple, tgw_fedhas,
          lemuel_tele_altar, minmay_temple_entry_gardened_gates,
          gup_sewer_entry_bowl, minmay_misc_feat_pillars,
          dreamdust_wishing_well, uniq_sigmund
D:7:      layout_basic, nicolae_qazlal_general_emergency, tso_altar,
          columned_hall_lemuel
D:8:      layout_basic
D:9:      layout_stronghold, lemuel_coloured_pillars_altar,
          hellmonk_lair_entry_icy
D:10:     layout_roguey, dancing_weapons_uskayaw
D:11:     layout_irregular_city, orc_0_dummy, minmay_hollow_rounded_squares
D:12:     layout_grid_maze, nemelex_diamond_rough_becter
D:13:     layout_rooms
D:14:     layout_rooms, david_vaults_4, serial_shops, kennysheep_little_box,
          corexii_leaking_fountain, uniq_frances, uniq_roxanne
D:15:     grunt_enter_depths_giant_problem, layout_irregular_city,
          serial_park_tiny_pond, portal_ice_cave_entry_pillars_four,
          gauntlet_entry_generic
Temple:   minmay_freezing_vapour_temple
Lair:1:   wander_river, layout_cave_pods
Lair:2:   layout_loops_ring
Lair:3:   layout_cave_pods, elwin_shoals_entry_rooms,
          minmay_snake_entry_guardpost_large, dreamdust_mushroom_princess,
          kilobyte_rumbling_trees
Lair:4:   layout_loops_ring, hellmonk_guarded_unrand_seven_league_boots,
          grunt_megastairs_1, uniq_nessos
Lair:5:   evilmike_catoblepas_cave, layout_regular_city, slime_entry_1
Shoals:1: layout_shoals, serial_shops, shop_fountains,
          wheals_shoals_ruined_temple
Shoals:2: layout_shoals, serial_shops, nicolae_shop_waterfront
Snake:1:  layout_basic, grunt_ministairs_6
Snake:2:  layout_onion, drop_trap, grunt_megastairs_2, minmay_shoptagon
Snake:3:  nicolae_sea_snake_s, layout_cave_town, uniq_nikola
Snake:4:  johnstein_snake_rune_scales, layout_basic, serial_shops, shop,
          hellmonk_ghost_happy_afterlife, minmay_shop_star, uniq_donald
Orc:1:    cheibrodos_orc_arena, layout_caves, uniq_harold
Orc:2:    st_orc_elflike, layout_caves, uniq_saint_roka

Skill      XL: |  1  2  3  4  5  6  7  8  9 10 11 12 13 14 15 16 17 18 19 20 |
---------------+-------------------------------------------------------------+-----
Fighting       | 3 4 8 10 12 15 | 15.0
Maces & Flails | 3 4 6 9 11 14 17 20 | 20.0
Armour         | 3 4 5 6 8 12 18 | 18.0
Dodging        | 2 3 5 9 |  9.9
Evocations     | 3 |  3.6

Action                     |  1- 3 |  4- 6 |  7- 9 | 10-12 | 13-15 | 16-18 | 19-21 || total
---------------------------+-------+-------+-------+-------+-------+-------+-------++-------
  Melee: Mace              |    72 |   106 |       |       |       |       |       ||   178
         Tailslap          |     7 |    15 |    17 |    51 |   106 |       |    73 ||   269
         Dire flail        |       |       |   216 |   394 |   505 |       |       ||  1115
         Great mace        |       |       |       |       |   285 |       |   516 ||   801
 Invoke: Berserk           |     1 |     5 |     5 |     9 |    11 |       |     5 ||    36
         Trog's Hand       |       |       |     1 |       |     2 |       |       ||     3
         Brothers in Arms  |       |       |       |       |     1 |       |     1 ||     2
  Evoke: Wand              |       |       |       |       |       |       |     3 ||     3
    Use: Scroll            |       |     9 |     1 |     8 |    20 |       |       ||    38
         Potion            |       |       |       |     1 |     3 |     1 |     1 ||     6
   Stab: Petrified         |       |       |       |     2 |       |       |       ||     2
 Armour: Ring mail         |     7 |       |       |       |       |       |       ||     7
         Animal skin       |     4 |       |       |       |       |       |       ||     4
         Scale mail        |    27 |    31 |    74 |   204 |   575 |       |       ||   911
         Plate armour      |       |       |    16 |     3 |    77 |       |   518 ||   614
  Dodge: Dodged            |    35 |    29 |    70 |   194 |   369 |       |   198 ||   895
  Block: Other             |    12 |    18 |    35 |       |       |       |       ||    65
         Reflection        |       |     1 |     2 |       |       |       |       ||     3

Table legend: (Time is in decaauts)
 A = Elapsed time spent in this place.
 B = Non-inter-level travel time spent in this place.
 C = Inter-level travel time spent in this place.
 D = Time resting spent in this place.
 E = Time spent auto-exploring this place.
 F = Levels seen in this place.
 G = Mean time per level.
                   A        B        C        D        E       F      G
               +--------+--------+--------+--------+--------+-----+--------+
         Total |  36652 |  34533 |   2119 |   9186 |  20103 |  31 | 1182.3 |
       Dungeon |  15763 |  14767 |    996 |   2394 |  10062 |  15 | 1050.9 |
        Temple |     31 |     27 |      4 |      0 |     26 |   1 |   31.0 |
          Lair |   6782 |   6180 |    602 |   1029 |   4239 |   5 | 1356.4 |
        Shoals |   2083 |   2012 |     71 |    822 |    850 |   2 | 1041.5 |
     Snake Pit |   8076 |   7760 |    316 |   3028 |   3798 |   4 | 2019.0 |
  Orcish Mines |   3544 |   3416 |    128 |   1851 |    967 |   2 | 1772.0 |
         Sewer |    257 |    257 |      0 |      0 |    152 |   1 |  257.0 |
      Ice Cave |    114 |    114 |      0 |     60 |      9 |   1 |  114.0 |
               +--------+--------+--------+--------+--------+-----+--------+

Top non-repeatable levels by time:
 Snake:3: 4026 daAuts
   Orc:1: 2219 daAuts
  Lair:5: 1821 daAuts
  Lair:1: 1701 daAuts
Shoals:1: 1694 daAuts
  Lair:3: 1616 daAuts
    D:12: 1600 daAuts
     D:9: 1591 daAuts
 Snake:2: 1399 daAuts
 Snake:1: 1358 daAuts
   Orc:2: 1324 daAuts
 Snake:4: 1292 daAuts
     D:4: 1284 daAuts
    D:11: 1281 daAuts
    D:15: 1272 daAuts
